AoeStats
← iisraelunna

Arabia

510421282Analyzed
1v1 RM · 14h ago on Sep 30, 2026· 45m 21s· 2 players
Game mode
Random Map
Map size
Tiny (2 player)
Population
200
Speed
Normal
Resources
Standard
Victory
Conquest
Starting age
Dark Age
Ending age
Imperial Age
RankedLock teamsTeams togetherTeam positionsShared explorationLock speedFull tech treeHidden civsTurbo modeCheats
Victory
Defeat
🇨🇴 Bulgarians · Colombia
917
+17
🇲🇽 Tatars · Mexico
937
-17
Dovalle95
7:26 Loom
10:34 Feudal Age
12:48 Double-Bit Axe
12:47 Horse Collar
19:33 Castle Age
18:50 Scale Mail Armor
19:00 Scale Barding Armor
19:22 Gold Mining
19:23 Stone Mining
20:19 Forging
22:37 Chain Barding Armor
23:18 Bow Saw
29:20 Iron Casting
36:12 Imperial Age
36:37 Elite Konnik
41:14 Cavalier
41:55 Husbandry
41:19 Light Cavalry
42:11 Bloodlines
46:25 Plate Barding Armor
iisraelunna
3:07 Loom
9:15 Feudal Age
10:31 Wheelbarrow
9:45 Double-Bit Axe
19:15 Castle Age
18:35 Fletching
18:56 Forging
20:27 Bodkin Arrow
21:29 Padded Archer Armor
21:41 Forging
21:47 Bow Saw
23:51 Hand Cart
33:48 Imperial Age
Connection lost

Rejoining the realm…

Still unreachable

The connection could not be restored.

Session expired

The server has moved on; the page needs a fresh start.